 Dungeon Crawl Stone Soup version 0.18-a0-1109-gfc003ac (webtiles) character file.

152 gorblad the Conjurer (level 5, -5/28 HPs)
             Began as a Deep Elf Conjurer on Jan 17, 2016.
             Slain by a wyvern (13 damage)
             ... on level 3 of the Dungeon.
             The game lasted 00:07:40 (1718 turns).

gorblad the Conjurer (Deep Elf Conjurer)            Turns: 1718, Time: 00:07:40

Health: -5/28      AC:  6    Str:  5    XL:     5   Next: 11%
Magic:  0/13       EV: 14    Int: 21    God:
Gold:   142        SH:  0    Dex: 21    Spells: 3 memorised, 6 levels left

rFire  . . .     SeeInvis .     (no weapon)
rCold  . . .     Gourm    .     n - +3 leather armour {rPois}
rNeg   . . .     Faith    .     (no shield)
rPois  +         Spirit   .     (no helmet)
rElec  .         Dismiss  .     (no cloak)
rCorr  .         Reflect  .     (no gloves)
SustAt .         Harm     .     (no boots)
MR     .....                    (no amulet)
Stlth  ++........               (no ring)
                                h - +6 ring of dexterity

@: very slightly contaminated, not resistant to hostile enchantments, unstealthy
A: no striking features
a: no special abilities


You were on level 3 of the Dungeon.
You were not hungry.

You visited 1 branch of the dungeon, and saw 3 of its levels.

You collected 142 gold pieces.

Inventory:

Armour
 a - a +1 robe
 n - a +3 leather armour of poison resistance (worn)
Jewellery
 h - a +6 ring of dexterity (left hand)
Scrolls
 g - 2 scrolls of remove curse
 j - a scroll of enchant armour
 k - 2 scrolls of recharging
 m - a scroll of random uselessness {unknown}
 o - a scroll of fog {unknown}
 p - a scroll of teleportation {unknown}
Potions
 d - 2 potions of mutation {unknown}
 e - 3 potions of curing {unknown}
 i - a potion of lignification {unknown}
Books
 b - a book of Conjurations

   Spells                             Type                      Level
   a - Magic Dart                     Conjuration                  1
   b - Searing Ray                    Conjuration                  2
   c - Dazzling Spray                 Conjuration/Hexes            3
   d - Fulminant Prism                Conjuration/Hexes            4
   e - Iskenderun's Mystic Blast      Conjuration                  4
   f - Iskenderun's Battlesphere      Conjuration/Charms           5
Comestibles
 c - a bread ration
 f - 2 beef jerkies
 l - 5 chunks of flesh


   Skills:
 * Level 1.8 Armour
 + Level 3.7 Dodging
 - Level 2.8 Stealth
 + Level 4.4 Spellcasting
 + Level 5.0 Conjurations


You had 6 spell levels left.
You knew the following spells:

 Your Spells              Type           Power        Failure   Level  Hunger
a - Magic Dart            Conj           ####         2%          1    None
b - Searing Ray           Conj           ####..       3%          2    #......
c - Dazzling Spray        Conj/Hex       ###.....     21%         3    ##.....


Dungeon Overview and Level Annotations

Branches:
Dungeon (3/15)

Altars:
Ashenzari
Nemelex Xobeh
Pakellas
Ru
The Shining One


Message History

Aiming: Searing Ray
Press: ? - help, Shift-Dir - straight line, f/p - wyvern
Aim: a wyvern The searing ray hits the wyvern.
The wyvern is lightly wounded.
Casting: Searing Ray
Confirm with . or Enter, or press ? or * to list all spells.
Aiming: Searing Ray
Press: ? - help, Shift-Dir - straight line, f/p - wyvern
Aim: a wyvern (lightly wounded)
The searing ray hits the wyvern.
The wyvern is lightly wounded.
The wyvern bites you but does no damage.
The wyvern bites you!
Ouch! That really hurt!
* * * LOW HITPOINT WARNING * * *
You completely miss the wyvern.
The wyvern is lightly wounded.
The wyvern bites you!
You die...

#####[# ##.....#
##...##.#
#.......#
#.)..##.#
#.#.###.# . #.#.#
#.####.... #.#.#
#......... #.#[#
#@#######. #.#.#
#l# #.#.#
#.†...... #.#.#
##.###### #.#.##
#.# #.#..###.#
##.##...#†#
#######...###.#.#
#.).....#.###.#.#


You could see a wyvern.

Vanquished Creatures
  A giant frog (D:3)
  4 adders
  An ooze (D:2)
  A worm (D:2)
  3 giant geckos
  2 ball pythons
  3 giant cockroaches
  3 goblins
  4 hobgoblins
  8 jackals
  A quokka (D:2)
  6 bats
  4 kobolds
  2 rats (D:1)
43 creatures vanquished.

Notes
Turn   | Place    | Note
--------------------------------------------------------------
     0 | D:1      | gorblad the Deep Elf Conjurer began the quest for the Orb.
     0 | D:1      | Reached XP level 1. HP: 10/10 MP: 6/6
   189 | D:1      | Reached XP level 2. HP: 15/15 MP: 5/8
   338 | D:1      | Found a shattered altar of Ashenzari.
   655 | D:1      | Learned a level 2 spell: Searing Ray
   659 | D:2      | Reached XP level 3. HP: 12/19 MP: 2/10
   940 | D:2      | Found a glowing golden altar of the Shining One.
   940 | D:2      | Found a sparkling altar of Nemelex Xobeh.
   941 | D:2      | Found a sacrificial altar of Ru.
  1019 | D:2      | Found an oddly glowing altar of Pakellas.
  1158 | D:2      | Learned a level 3 spell: Dazzling Spray
  1269 | D:2      | Reached skill level 1 in Armour
  1269 | D:2      | Reached XP level 4. HP: 6/24 MP: 0/12
  1705 | D:3      | Noticed a giant frog
  1712 | D:3      | Noticed a wyvern
  1713 | D:3      | Killed a giant frog
  1713 | D:3      | Reached skill level 5 in Conjurations
  1713 | D:3      | Reached XP level 5. HP: 23/28 MP: 4/13
  1718 | D:3      | Slain by a wyvern

Vault maps used:
D:1:      lemuel_arrival_muddy, nicolae_ashenzari_panopticon
D:2:      nicolae_overflow_hidden_temple, gammafunk_temple_overflow_claw
D:3:      grunt_dithmenos_smoke_and_mirrors, uniq_jessica

Action                   |  1- 3 |  4- 6 || total
-------------------------+-------+-------++-------
Melee: Unarmed           |    34 |    15 ||    49
 Cast: Magic Dart        |    66 |    23 ||    89
       Searing Ray       |     6 |     2 ||     8
  Use: Scroll            |    10 |       ||    10
  Eat: Chunk             |     1 |     2 ||     3
